 Dungeon Crawl Stone Soup version 0.21.1-1-g345015f (webtiles) character file.

169 pstr the Digger (level 5, -8/42 HPs)
             Began as a Naga Earth Elementalist on Feb 7, 2018.
             Was a Follower of Elyvilon.
             Mangled by Pikel
             ... wielding a +2 whip of freezing
              (9 damage)
             ... on level 4 of the Dungeon.
             The game lasted 00:08:48 (4242 turns).

pstr the Digger (Naga Earth Elementalist)           Turns: 4242, Time: 00:08:49

Health: -8/42      AC:  4    Str: 10    XL:     5   Next: 50%
Magic:  7/10       EV: 10    Int: 16    God:    Elyvilon [*.....]
Gold:   178        SH:  0    Dex: 15    Spells: 6/10 levels left

rFire    . . .     SeeInvis +   (no weapon)
rCold    . . .     Gourm    .   (no shield)
rNeg     . . .     Faith    .   w - +1 robe "Siwkevew" {Dex+3}
rPois    +         Spirit   .   o - +0 helmet
rElec    .         Reflect  .   (no cloak)
rCorr    .         Harm     .   (no gloves)
MR       .....                  (no barding)
Stlth    ++........             (no amulet)
HPRegen  0.14/turn              (no ring)
MPRegen  0.12/turn              (no ring)

@: berserk cooldown, very slightly contaminated, slowed, very slow
A: large, see invisible, deformed body, poison resistance, slowness 2, slow
metabolism 1, spit poison 1, AC +1
a: Spit Poison, Lesser Healing, Divine Protection, Renounce Religion


You were on level 4 of the Dungeon.
You worshipped Elyvilon.
Elyvilon was aware of your devotion.
You were hungry.

You visited 1 branch of the dungeon, and saw 4 of its levels.

You collected 178 gold pieces.

Inventory:

Missiles
 b - 78 stones (quivered)
 p - 24 arrows
Armour
 c - a +0 robe
 i - a +0 leather armour
 o - a +0 helmet (worn)
 w - the +1 robe "Siwkevew" (worn) {Dex+3}
   (You found it on level 4 of the Dungeon)

   It affects your dexterity (+3).
Jewellery
 n - an uncursed ring of fire {unknown}
 u - a cursed ring of loudness {unknown}
Scrolls
 a - 4 scrolls of remove curse {unknown}
 j - 8 scrolls of identify {unknown}
 k - a scroll of teleportation {unknown}
 l - a scroll of noise {unknown}
 m - a scroll of fear {unknown}
 r - 2 scrolls of immolation {unknown}
Potions
 g - 4 potions of heal wounds {unknown}
 h - 2 potions of flight {unknown}
 q - 2 potions of degeneration {unknown}
 s - a potion of ambrosia {unknown}
 t - a potion of agility {unknown}
Books
 e - a book of Geomancy

   Spells                             Type                      Level
   a - Sandblast                      Earth                        1
   b - Passwall                       Transmutation/Earth          2
   c - Stone Arrow                    Conjuration/Earth            3
   d - Petrify                        Transmutation/Earth          4
   e - Lee's Rapid Deconstruction     Earth                        5
Comestibles
 d - 5 rations


   Skills:
 + Level 2.0 Dodging
 + Level 3.4 Stealth
 + Level 3.3 Spellcasting
 + Level 1.3 Conjurations
   Level 1.0 Transmutations
 + Level 4.4 Earth Magic


You had 6 spell levels left.
You knew the following spells:

 Your Spells              Type           Power        Failure   Level  Hunger
a - Sandblast             Erth           ###...       3%          1    None
b - Stone Arrow           Conj/Erth      ##....       17%         3    ###....


Dungeon Overview and Level Annotations

Branches:
Dungeon (4/15)
 Temple: D:4-7

Altars:
Elyvilon

Annotations:
D:4 Pikel


Innate Abilities, Weirdness & Mutations

You cannot wear boots.
Your serpentine skin is tough. (AC +1)
You have supernaturally acute eyesight. (SInv)
Armour fits poorly on your strangely shaped body.
Your system is resistant to poisons. (rPois)
You cover ground very slowly.
You have a slow metabolism.
You can spit poison.


Message History

* * * LOW HITPOINT WARNING * * *
Pikel freezes you.
* * * LOW HITPOINT WARNING * * *
You are too berserk!
You are too berserk!
You are too berserk!
You feel a strong urge to attack something.
You feel your anger nearly subside.
You are no longer berserk.
You are exhausted.
You feel yourself slow down. Pikel hits you with a whip of freezing.
* * * LOW HITPOINT WARNING * * *
Pikel freezes you.
* * * LOW HITPOINT WARNING * * *
Pikel hits you with a whip of freezing.
* * * LOW HITPOINT WARNING * * *
Pikel freezes you.
* * * LOW HITPOINT WARNING * * *
Pikel hits you with a whip of freezing!
You die...

########### ############
#...p.pp... ..........#
#.#####p... #..######.# #p# . #.#
#..#.....[###.#####.. #.#
#..#.####............ ...
##(.#.####.#..p#####.. ####.####
(..............K...#.... ......##
...............p@.<..... .....>.
....#.#.##.#<#.##...#.#####......
###.#.#.##.#.... ...# #..<.....
....#.#.##.###.##..... #........
....#.# ... ..# .....# #........
....#.# . ### .....# #........
....#.. ...#.# #........ ..#.#
####.. #........ ..#.## #....##..


You could see Pikel and 2 slaves.

Vanquished Creatures
  A howler monkey (D:4)
  7 adders
  An adder skeleton (D:4)
  A worm (D:3)
  3 dart slugs
  2 orcs (D:3)
  3 giant cockroaches (D:1)
  3 goblins
  5 hobgoblins
  4 jackals (D:2)
  7 kobolds
  8 ball pythons
  8 bats
  4 frilled lizards
  7 rats
64 creatures vanquished.

Notes
Turn   | Place    | Note
-------+----------+-------------------------------------------
     0 | D:1      | pstr the Naga Earth Elementalist began the quest for the Orb.
     0 | D:1      | Reached XP level 1. HP: 15/15 MP: 3/3
   241 | D:1      | Reached XP level 2. HP: 15/22 MP: 0/5
   927 | D:2      | Reached XP level 3. HP: 28/28 MP: 4/6
   932 | D:2      | Learned a level 3 spell: Stone Arrow
  1809 | D:2      | Reached skill level 4 in Earth Magic
  1809 | D:2      | Reached XP level 4. HP: 19/36 MP: 0/8
  2743 | D:2      | Found a white marble altar of Elyvilon.
  2870 | D:2      | Became a worshipper of Elyvilon the Healer
  3289 | D:3      | Reached skill level 1 in Conjurations
  3289 | D:3      | Reached XP level 5. HP: 8/42 MP: 4/9
  4085 | D:4      | Got a bloodstained robe
  4102 | D:4      | Identified the +1 robe "Siwkevew" {Dex+3} (You found it on level 4 of the Dungeon)
  4177 | D:4      | Reached * piety under Elyvilon
  4220 | D:4      | Noticed Pikel
  4221 | D:4      | Noticed a slave
  4221 | D:4      | Noticed a slave
  4221 | D:4      | Noticed a slave
  4223 | D:4      | Noticed a slave
  4240 | D:4      | HP: 2/42 [Pikel/whip of freezing (4)]
  4242 | D:4      | Mangled by Pikel

Skill      XL: |  1  2  3  4 |
---------------+-------------+-----
Earth Magic    | 4 |  4.4
Dodging        | 2 |  2.0
Spellcasting   | 3 |  3.3
Conjurations   | 1 |  1.3
Stealth        | |  3.4
Transmutations | |  1.0

Action                   |  1- 3 |  4- 6 || total
-------------------------+-------+-------++-------
Melee: Unarmed           |     1 |     7 ||     8
 Cast: Sandblast         |    39 |    23 ||    62
       Stone Arrow       |    11 |    25 ||    36
 Abil: Spit Poison       |     5 |     5 ||    10
  Use: Potion            |       |     1 ||     1
  Eat: Ration            |     1 |     1 ||     2
       Chunk             |       |     6 ||     6
Armor: Robe              |     8 |     5 ||    13
Dodge: Dodged            |    17 |    15 ||    32
